 Dungeon Crawl Stone Soup version 0.31-a0-986-g5e6e4ef867 (webtiles) character file.

Game seed: 7260759676693476650

85 IdlyInterested the Sneak (level 4, -1/35 HPs)
             Began as a Demonspawn Brigand on Nov 9, 2023.
             Slain by an orc wizard
             ... wielding a +0 dagger
              (3 damage)
             ... on level 3 of the Dungeon.
             The game lasted 00:07:08 (1426 turns).

IdlyInterested the Sneak (Demonspawn Brigand)       Turns: 1426, Time: 00:07:09

Health: -1/35      AC:  5    Str: 13    XL:     4   Next: 25%
Magic:  4/4        EV: 11    Int: 12    God:
Gold:   58         SH:  0    Dex: 15    Spells: 3/3 levels left

rFire   . . .        a - +2 dagger
rCold   . . .        (no shield)
rNeg    . . .        i - +0 leather armour
rPois   .            (helmet restricted)
rElec   .            c - +0 cloak
rCorr   .            (no gloves)
SInv    .            (no boots)
Will    .....        (no amulet)
Stlth   +++          (no ring)
HPRegen 0.25/turn    (no ring)
MPRegen 0.09/turn

%: no passive effects
@: hasted, very quick
A: antennae 1, rugged brown scales 1
a: no special abilities


You were on level 3 of the Dungeon.
You visited 1 branch of the dungeon, and saw 3 of its levels.

You collected 58 gold pieces.

Inventory:

Hand Weapons
 a - a +2 dagger (weapon)
 m - a +0 short sword
Missiles
 d - 14 poisoned darts (quivered)
 e - 3 curare-tipped darts
 k - a throwing net
Armour
 b - a +0 robe
 c - a +0 cloak (worn)
 i - a +0 leather armour (worn)
 n - a +0 ring mail
 p - a +0 scale mail
Scrolls
 g - 2 scrolls of identify
 j - a scroll of enchant weapon
 o - a scroll of noise
Potions
 f - 2 potions of attraction
 l - 3 potions of enlightenment


   Skills:
 + Level 2.9 Fighting
 - Level 1.7 Short Blades
 - Level 2.0 Throwing
 - Level 1.0 Armour
 - Level 1.0 Dodging
 * Level 4.7 Stealth
 + Level 0.0 Shields


You had 3 spell levels left.
You didn't know any spells.
Your spell library contained the following spells:

 Spells                   Type           Power      Damage    Failure   Level
 Tukima's Dance           Hex            0%         N/A       77%         3
 Passage of Golubria      Tloc           0%         N/A       99%         4
 Yara's Violent Unravell  Hex/Tmut       0%         3d3       100%        5


Dungeon Overview and Level Annotations

Branches:
Dungeon (3/15)

Altars:
Okawaru


Innate Abilities, Weirdness & Mutations

You have a pair of small antennae on your head.
You are partially covered in rugged brown scales. (AC +1, +3% HP)


Message History

You bump into the rock wall.
You feel less confused. Something hits you but does no damage.
You closely miss something. Something hits you but does no damage.
You closely miss something.
An orc wizard appears from thin air!
Reactivating autopickup.
The orc wizard gestures at you while chanting.
You resist with some effort. The orc attacks as it pursues you!
The orc closely misses you.
You hit the orc.
The orc is severely wounded.
The orc wizard mumbles some strange words.
The orc wizard flickers and vanishes!
Deactivating autopickup; reactivate with Ctrl-A.
You hit the orc.
You kill the orc!
You hear some strange, mumbled words.
You are confused.
The orc misses you.
You see here a +0 club.
You bump into the rock wall.
You hear some strange, mumbled words.
A magic dart appears from out of thin air!
The magic dart hits you. The orc hits you with a +0 mace.
* * * LOW HITPOINT WARNING * * *
You hit the orc but do no damage. Something hits you but does no damage.
The orc hits you but does no damage.
You bump into the rock wall.
Something hits you but does no damage.
You closely miss something.
You hear some strange, mumbled words.
A magic dart appears from out of thin air!
The magic dart hits you!
* * * LOW HITPOINT WARNING * * *
You hit something but do no damage. Something hits you but does no damage.
You feel yourself speed up.
You feel less confused. Something hits you.
* * * LOW HITPOINT WARNING * * *
You barely miss something. Something hits you.
You die...

........#
........#
........#
........##
#.......#
#######.# . #)#
...
####.####...#
#...o{@...#
#.#.#####>#
#####'#...###
#...........#
#..†...<....#
#...........#
#...........#
#####..[#......
##########.


You could see an orc.

Vanquished Creatures
  An orc wizard (D:3)
  3 dart slugs
  A worm (D:2)
  2 orcs (D:3)
  2 bats
  6 endoplasms
  4 giant cockroaches
  5 goblins
  2 hobgoblins
  4 jackals (D:1)
  A kobold (D:2)
  A quokka (D:1)
  6 ball pythons
  3 frilled lizards
  4 rats
45 creatures vanquished.

Notes
Turn   | Place    | Note
-------+----------+-------------------------------------------
     0 | D:1      | IdlyInterested the Demonspawn Brigand began the quest for
                  | the Orb.
     0 | D:1      | Reached XP level 1. HP: 16/16 MP: 1/1
   117 | D:1      | Gained mutation: You have a pair of small antennae on your
                  | head. [demonic ancestry]
   117 | D:1      | Reached XP level 2. HP: 22/22 MP: 2/2
   301 | D:1      | Reached skill level 4 in Stealth
   645 | D:1      | Gained mutation: You are partially covered in rugged brown
                  | scales. (AC +1, +3% HP) [demonic ancestry]
   645 | D:1      | Reached XP level 3. HP: 23/28 MP: 3/3
  1050 | D:2      | Found an iron altar of Okawaru.
  1212 | D:3      | Reached skill level 1 in Armour
  1372 | D:3      | Reached skill level 1 in Dodging
  1372 | D:3      | Reached XP level 4. HP: 34/35 MP: 4/4
  1425 | D:3      | HP: 1/35 [something (1)]
  1426 | D:3      | Slain by an orc wizard

Illustrated notes

Levels and vault maps discovered:
D:1:      dpeg_arrival_round_a, layout_rooms, serial_bayou_pond_e,
          moated_statue, minmay_fountain_box
D:2:      layout_rooms, basic_altar, small_statue_intersection
D:3:      layout_basic, mainiacjoe_overflow_catwalk,
          mainiacjoe_overflow_brackets,
          mainiacjoe_overflow_concentric_impassable, minmay_misc_feat_roman,
          st_stairs_14, uniq_robin, uniq_crazy_yiuf_cottage

Skill      XL: |  1  2  3 |
---------------+----------+-----
Throwing       | 2 |  2.0
Stealth        | 4 |  4.7
Armour         | 1 |  1.0
Dodging        | 1 |  1.0
Fighting       | |  2.9
Short Blades   | |  1.7

Action                     |  1- 3 |  4- 6 || total
---------------------------+-------+-------++-------
  Melee: Dagger            |   162 |    35 ||   197
    Use: Potion            |     3 |     1 ||     4
         Scroll            |     2 |       ||     2
   Stab: Sleeping          |     9 |       ||     9
 Armour: Robe              |    33 |       ||    33
         Leather armour    |    47 |    32 ||    79
  Dodge: Dodged            |    63 |     3 ||    66

Table legend: (Time is in decaauts)
 A = Elapsed time spent in this place.
 B = Non-inter-level travel time spent in this place.
 C = Inter-level travel time spent in this place.
 D = Time resting spent in this place.
 E = Time spent auto-exploring this place.
 F = Levels seen in this place.
 G = Mean time per level.
                   A        B        C        D        E       F      G
               +--------+--------+--------+--------+--------+-----+--------+
         Total |   1391 |   1340 |     51 |    203 |    619 |   3 |  463.7 |
       Dungeon |   1391 |   1340 |     51 |    203 |    619 |   3 |  463.7 |
               +--------+--------+--------+--------+--------+-----+--------+

Top non-repeatable levels by time:
     D:1: 711 daAuts
     D:2: 464 daAuts
     D:3: 216 daAuts
